 Dungeon Crawl Stone Soup version 0.20.0-15-g7f486f2 (webtiles) character file.

441 sscrono2 the Cutter (level 7, 0/45 HPs)
             Began as an Octopode Assassin on June 24, 2017.
             Slain by a phantom (6 damage)
             ... on level 5 of the Dungeon.
             The game lasted 00:07:09 (4333 turns).

sscrono2 the Cutter (Octopode Assassin)             Turns: 4333, Time: 00:07:10

Health: 0/45       AC:  1    Str: 16    XL:     7   Next: 2%
Magic:  7/7        EV: 13    Int: 14    God:
Gold:   298        SH:  0    Dex: 14    Spells: 6/6 levels left

rFire    . . .     SeeInvis .   a - +2 dagger
rCold    . . .     Gourm    .   (no shield)
rNeg     . . .     Faith    .   (helmet restricted)
rPois    .         Spirit   .   (no amulet)
rElec    .         Reflect  .   (no ring)
rCorr    .         Harm     .   (no ring)
MR       .....                  (no ring)
Stlth    ++++......             (no ring)
Regen    0.2/turn               (no ring)
MPRegen  0.1/turn               (no ring)
                                (no ring)
                                (no ring)

@: mighty
A: almost no armour, stealthy swim, amphibious, 8 rings, constrict 8, camouflage
1, mutation resistance 1, gelatinous body 1
a: no special abilities


You were on level 5 of the Dungeon.
You were not hungry.

You visited 2 branches of the dungeon, and saw 6 of its levels.

You collected 298 gold pieces.

Inventory:

Hand Weapons
 a - a +2 dagger (weapon)
 b - a +0 blowgun
 p - a +1 whip of electrocution
Missiles
 c - 8 poisoned needles
 d - 2 curare-tipped needles
 h - 4 needles of sleeping
Scrolls
 g - a scroll of fog
 k - 3 scrolls of teleportation
 n - a scroll of magic mapping {unknown}
 r - a scroll of amnesia
 s - 2 scrolls of identify
Potions
 i - a potion of curing {unknown}
 l - a potion of flight {unknown}
 t - a potion of brilliance {unknown}
 u - a potion of berserk rage
 v - a potion of lignification {unknown}
Comestibles
 f - 2 bread rations
 j - 2 royal jellies
 m - 4 chunks of flesh
 o - 2 fruits
 q - 2 meat rations


   Skills:
 - Level 2.0 Fighting
 + Level 7.3 Short Blades
 - Level 2.0 Throwing
 - Level 1.0 Dodging
 - Level 5.3 Stealth


You had 6 spell levels left.
You didn't know any spells.

Dungeon Overview and Level Annotations

Branches:
Dungeon (5/15)             Temple (1/1) D:4

Altars:
Ashenzari
Cheibriados
Dithmenos
Elyvilon
Fedhas
Gozag
Hepliaklqana
Kikubaaqudgha
Makhleb
Nemelex Xobeh
Okawaru
Qazlal
Ru
Sif Muna
Trog
Uskayaw
Vehumet
Xom
Yredelemnul
Zin
The Shining One


Innate Abilities, Weirdness & Mutations

You cannot wear most types of armour.
You are very stealthy in the water. (Stealth+)
You are amphibious.
You can wear up to eight rings at the same time.
You can use your tentacles to constrict eight enemies at once.
Your skin changes colour to match your surroundings (Stealth+).
Your rubbery body absorbs attacks. (AC +1, EV +1)
You are somewhat resistant to further mutation.


Message History

The phantom is lightly damaged.
You hit the phantom. Your squeeze misses the phantom.
The phantom is lightly damaged.
The phantom barely misses you.
You barely miss the phantom. Your squeeze misses the phantom.
The phantom is lightly damaged.
The phantom hits you.
You hit the phantom.
The phantom is moderately damaged.
You barely miss the phantom. You squeeze the phantom.
The phantom is moderately damaged.
The phantom hits you.
You miss the phantom.
The phantom is moderately damaged.
The phantom hits you!
* * * LOW HITPOINT WARNING * * *
The phantom blinks!
You feel very mighty all of a sudden. The phantom hits you.
You die...

#...(##....
######............
......###.#...#...
..................
........#.#.#.##.#
........#.#...##!#
.............# #.#
........#.#..###.#
.....(..#.#...##@#
............#.#.W#
.......##........#
........#..##..#..#
........#..##..##....
........#..##......#..
........#..#.......#
..
..............#..... .
.....................


You could see a phantom.

Vanquished Creatures
  A sky beast (D:5)
  An orc priest (D:4)
  An orc wizard (D:4)
  A bullfrog skeleton (D:5)
  A hound (D:4)
  An iguana (D:3)
  3 worker ants
  4 gnolls
  4 adders
  2 worms (D:2)
  4 dart slugs
  3 leopard geckos
  6 orcs
  2 bats
  2 giant cockroaches
  5 goblins
  6 hobgoblins
  A quokka (D:4)
  4 frilled lizards
  2 kobolds (D:2)
  A rat (D:2)
55 creatures vanquished.

Notes
Turn   | Place    | Note
-------+----------+-------------------------------------------
     0 | D:1      | sscrono2 the Octopode Assassin began the quest for the Orb.
     0 | D:1      | Reached XP level 1. HP: 14/14 MP: 1/1
   270 | D:1      | Reached XP level 2. HP: 19/19 MP: 2/2
   624 | D:1      | Reached skill level 3 in Short Blades
   672 | D:2      | Reached XP level 3. HP: 19/24 MP: 3/3
  1154 | D:2      | Reached skill level 4 in Short Blades
  1424 | D:2      | Found a blossoming altar of Fedhas.
  1437 | D:2      | Reached XP level 4. HP: 11/29 MP: 4/4
  2537 | D:4      | Found a staircase to the Ecumenical Temple.
  2557 | Temple   | Entered the Ecumenical Temple
  3055 | D:3      | Reached skill level 5 in Short Blades
  3055 | D:3      | Reached XP level 5. HP: 4/34 MP: 5/5
  3740 | D:4      | Reached skill level 6 in Short Blades
  3740 | D:4      | Reached XP level 6. HP: 36/39 MP: 6/6
  4251 | D:5      | Entered Level 5 of the Dungeon
  4276 | D:5      | Noticed a sky beast
  4283 | D:5      | Killed a sky beast
  4283 | D:5      | Reached skill level 7 in Short Blades
  4290 | D:5      | Reached XP level 7. HP: 31/45 MP: 7/7
  4295 | D:5      | Gained mutation: You are somewhat resistant to further mutation. [mutagenic meat]
  4333 | D:5      | Slain by a phantom

Skill      XL: |  1  2  3  4  5  6 |
---------------+-------------------+-----
Short Blades   | 3 4 5 6 7 |  7.3
Fighting       | |  2.0
Throwing       | |  2.0
Dodging        | |  1.0
Stealth        | |  5.3

Action                   |  1- 3 |  4- 6 |  7- 9 || total
-------------------------+-------+-------+-------++-------
Melee: Dagger            |    49 |    98 |     9 ||   156
       Constrict         |    13 |    21 |       ||    34
       Tentacles         |    10 |    18 |     1 ||    29
  Use: Scroll            |     1 |     4 |       ||     5
       Potion            |       |     1 |     1 ||     2
 Stab: Sleeping          |     8 |     7 |       ||    15
       Distracted        |       |     1 |       ||     1
  Eat: Chunk             |     1 |     5 |     4 ||    10
       Bread ration      |       |     1 |       ||     1
Armor: Skin              |     5 |     2 |       ||     7
Dodge: Dodged            |    21 |    57 |     1 ||    79
